[Event "Early-Titled-Tuesday-Blitz-April-02-2024"]
[Site "Chess.com"]
[Date "2024.04.02"]
[Round "10"]
[White "Grossboss19"]
[Black "Zavgorodniy_Sergiy"]
[Result "1-0"]
[WhiteElo "2586"]
[BlackElo "2644"]
[TimeControl "180+1"]
[EndTime "9:58:35 PDT"]
[Termination "Grossboss19 won by checkmate"]

1. d4 d5 2. c4 dxc4 3. Nf3 Nf6 4.
e3 e6 5. Bxc4 a6 6. O-O b5 7.
Bd3 Bb7 8. a4 b4 9. Nbd2 Nbd7 10. e4 Nc5 11. dxc5 Qxd3 12. Ne5 Qd4 13. c6 Bc8 14.
Ndc4 Qxd1 15. Rxd1 Nxe4 16. Be3 f6 17. Nd3 Nd6 18. Na5 Nf5 19. Bc5 Bxc5 20. Nxc5 Ke7 21. Ncb7 Nd6 22. Rac1 Rb8 23. Rd4 b3 24. Rb4 e5 25.
Rxb3 Be6 26. Rbc3 Rhc8 27. b4 h5 28. f3 h4 29. Rc5 Nf5 30. Kf2 Nd4 31. R5c3 g5 32.
Rb1 Bd5 33. b5 axb5 34. axb5 Ra8 35. Rc5 Be6 36. Ke3 Nf5+ 37. Kf2 Nd4 38. Rb2 Nf5 39. Rc3 Nd4 40. Ra3 Bd5 41. Rb1 Be6 42. Ra4 Bd5 43. Rba1 Be6 44. Rb1 Ra7 45. Ra3 Rca8 46. g3 Bd5 47. f4 hxg3+ 48. hxg3 gxf4 49. gxf4 exf4 50. Rd3 Rxa5 51. Nxa5 Rxa5 52. Rxd4 Kd6 53. Rxf4 Ke5 54. Rfb4 f5 55. R1b2 f4 56. Re2+ Kd6 57. Rc2 Ra8 58.
Rxf4 Re8 59. Rb4 Rf8+ 60. Ke3 Re8+ 61. Kd2 Rh8 62. Kc1 Rh3 63. Kb2 Rd3 64. b6 cxb6 65. c7 Be6 66. c8=Q Bxc8 67. Rxc8 Rd2+ 68. Rc2 Rd3 69.
Rxb6+ Kd5 70. Rb3 Rd4 71. Rcc3 Rd2+ 72. Kc1 Rf2 73. Rc2 Rf1+ 74. Kb2 Kd4 75. Rb4+ Kd3 76. Rb8 Rf6 77. Rd8+ Ke3 78. Rc7 Re6 79. Kc3 Ke4 80. Kc4 Ra6 81. Re7+ Kf5 82. Rf8+ Kg6 83. Re1 Kg7 84.
Rf2 Ra4+ 85. Kd5 Ra5+ 86. Ke4 Rg5 87. Ree2 Rg4+ 88. Rf4 Rg3 89. Kf5 Rg1 90. Rg4+ Rxg4 91. Kxg4 Kf6 92. Kf4 Kg6 93. Re6+ Kf7 94. Kf5 Kg7 95.
Re7+ Kf8 96. Kf6 Kg8 97. Kg6 Kf8 98. Re6 Kg8 99. Re8# 1-0

[Event "Early-Titled-Tuesday-Blitz-April-02-2024"]
[Site "Chess.com"]
[Date "2024.04.02"]
[Round "10"]
[White "BashiqChess"]
[Black "ketster"]
[Result "1-0"]
[WhiteElo "2504"]
[BlackElo "2589"]
[TimeControl "180+1"]
[EndTime "9:58:37 PDT"]
[Termination "BashiqChess won on time"]

1. Nf3 Nf6 2. b3 d5 3. Bb2 e6 4. c4 b6 5. e3 Bb7 6. Nc3 Nbd7 7.
Be2 a6 8. O-O Bd6 9. Rc1 O-O 10.
Qc2 Re8 11. Rfe1 Rc8 12. d4 c5 13. cxd5 exd5 14. dxc5 bxc5 15. Na4 Ne4 16. Red1 Qe7 17.
Bd3 Ndf6 18. Bxe4 dxe4 19. Nd2 Ng4 20. g3 h5 21. Nc4 Bb8 22. Qc3 f6 23. Ncb6 Rcd8 24.
Qxc5 Bd6 25. Qxh5 Ne5 26. Bxe5 Bxe5 27. Rxd8 Rxd8 28. Rd1 Bc6 29. Qe2 Bb5 30. Nc4 Qc7 31.
Rxd8+ Qxd8 32. Qd2 Qe7 33. Qd5+ Kh8 34. Nxe5 fxe5 35.
Qxe4 Qd6 36. Qb1 Qb4 37. e4 Bxa4 38. Qd1 Bb5 39. Qh5+ Kg8 40. Qxe5 Qe1+ 41. Kg2 Bf1+ 42. Kf3 Qe2+ 43. Kf4 Qd2+ 44. Kg4 Be2+ 45. f3 Qd7+ 46. Kf4 Qf7+ 47. Qf5 Bd3 48. Qxf7+ Kxf7 49. a3 a5 50. b4 axb4 51. axb4 Ke6 52. Ke3 Bb5 53. f4 Kd6 54. Kd4 Bc6 55. e5+ Ke6 56. Kc5 Bf3 57. b5 Kd7 58. Kb6 Kc8 59. Ka6 Bd5 60. b6 Be4 61. Kb5 Bd5 62. Kc5 Be4 63. e6 Kd8 64. Kd6 Bf3 65. f5 Be4 66. Ke5 Bf3 67. h3 Ke7 68. g4 Bg2 69. g5 Bf3 70. f6+ gxf6+ 71. gxf6+ Ke8 72. Kd6 Be4 73. f7+ Kf8 74. Kc7 Bd5 75.
b7 Bxe6 76. b8=Q+ Kxf7 77. Qh8 Ke7 78. Qe5 Kf7 79. h4 Ke7 80. h5 Kf7 81. h6 Ke7 82. Qg7+ Bf7 83. h7 Ke8 84. Qxf7+ Kxf7 85. h8=Q Ke6 86.
Qh5 Ke7 87. Qf5 Ke8 88. Qh7 Kf8 89. Kd6 1-0

[Event "Early-Titled-Tuesday-Blitz-April-02-2024"]
[Site "Chess.com"]
[Date "2024.04.02"]
[Round "10"]
[White "wonderfultime"]
[Black "GM_Levan_Pantsulaia"]
[Result "1/2-1/2"]
[WhiteElo "2993"]
[BlackElo "2918"]
[TimeControl "180+1"]
[EndTime "9:58:42 PDT"]
[Termination "Game drawn by 50-move rule"]

1. d4 c5 2. c3 Nf6 3. Nf3 Qb6 4.
e3 d5 5. Nbd2 Bf5 6. dxc5 Qxc5 7. a3 e6 8. c4 Be7 9. b4 Qc7 10.
Bb2 O-O 11. cxd5 exd5 12. Rc1 Qd8 13. Nd4 Bg6 14. Be2 a5 15. Qb3 axb4 16. axb4 Qb6 17. b5 Nbd7 18. O-O Nc5 19. Qd1 Ra2 20. Bc3 Nd3 21. Ra1 Rfa8 22. Rxa2 Rxa2 23. N2f3 Ne4 24. Ba1 Ndxf2 25. Rxf2 Nxf2 26. Kxf2 Qa5 27. Nb3 Qxb5 28. Nfd4 Qa4 29. Qc1 h6 30. Bc3 Bh4+ 31. g3 Bf6 32. Nd2 Qd7 33. Bf3 Qh3 34. Bg2 Qd7 35. Bf3 Be4 36. Ne2 Rc2 37. Nxe4 Rxc1 38. Nxf6+ gxf6 39. Nxc1 Qh3 40. Ne2 Qxh2+ 41. Bg2 b5 42. Nf4 h5 43. Bxf6 b4 44. Nxd5 b3 45. Nf4 h4 46.
gxh4 b2 47. Bxb2 Qxh4+ 48. Kf1 Qe7 49. Bd4 Qa3 50. Kf2 Qa2+ 51. Kg3 Qd2 52. Bd5 Qe1+ 53. Kg2 Qd2+ 54. Kf3 Qd1+ 55. Ke4 Qb1+ 56. Kf3 Kf8 57. Kf2 Qc2+ 58. Kg3 Qb1 59. Bg2 Qe1+ 60. Kg4 Qb1 61. Bf3 Qg1+ 62. Bg2 Qb1 63. Kg3 Qe1+ 64. Kh3 Qb1 65. Nd5 Qf5+ 66. Kg3 Qg6+ 67. Kf2 Qc2+ 68. Kg1 Qb1+ 69. Kh2 Qh7+ 70. Kg3 Qg6+ 71. Kf3 Qh5+ 72.
Kf2 Qh4+ 73. Ke2 Qh5+ 74. Bf3 Qh2+ 75. Kd3 Qg1 76. Bc5+ Kg7 77. Bd4+ Kf8 78. Nf6 Qb1+ 79. Ke2 Qc2+ 80. Ke1 Qb1+ 81. Kf2 Qc2+ 82. Kg3 Qg6+ 83. Kf4 Qh6+ 84. Ke4 Qg6+ 85. Kf4 Qh6+ 86. Kg3 Qg6+ 87.
Bg4 Qb1 88. Nd7+ Kg8 89. Nf6+ Kf8 90. Kf4 Qf1+ 91. Ke5 Qb1 92. Nd7+ Kg8 93. Nf6+ Kf8 94. Kd6 Qb4+ 95. Bc5 Qb8+ 96. Kd5+ Kg7 97. Bd4 Qb5+ 1/2-1/2

[Event "Early-Titled-Tuesday-Blitz-April-02-2024"]
[Site "Chess.com"]
[Date "2024.04.02"]
[Round "10"]
[White "TigrVShlyape"]
[Black "Hikaru"]
[Result "1/2-1/2"]
[WhiteElo "2947"]
[BlackElo "3261"]
[TimeControl "180+1"]
[EndTime "9:58:43 PDT"]
[Termination "Game drawn - insufficient material"]

1. d4 c5 2. d5 Nf6 3. Nc3 e5 4. e4 d6 5. a4 a6 6. a5 Be7 7. Be2 Nbd7 8. Nf3 b5 9. axb6 Nxb6 10. O-O O-O 11. Nd2 a5 12. b3 Bd7 13. Nc4 a4 14. Nxb6 Qxb6 15. bxa4 Qb4 16. Qd3 Bxa4 17. Be3 Bd7 18. Rab1 Qa5 19. h3 Rfb8 20. Bd2 Qd8 21.
Rxb8 Rxb8 22. Ra1 Ra8 23. Rxa8 Qxa8 24. Qa6 Qxa6 25. Bxa6 Bd8 26. f3 Kf8 27. Nd1 Nh5 28. Nb2 Bh4 29. Nc4 Ke7 30. Ba5 Nf6 31. Kh2 Ba4 32.
g3 Bg5 33. h4 Bc1 34. c3 Bd1 35. Kg2 Be2 36. Bb5 Bxc4 37. Bxc4 h6 38. Bb5 Bd2 39. Kf2 Nh5 40. Bf1 g6 41. Bh3 Bc1 42. c4 Ng7 43.
Ke2 h5 44. Bc3 Ne8 45. Bc8 Nf6 46. Kd3 Bh6 47. Be1 Ne8 48. g4 Bf4 49. Ke2 Nf6 50.
gxh5 Nxh5 51. Kf1 Bc1 52. Bg4 Nf4 53. Bg3 Nd3 54. Ke2 Nb2 55. h5 gxh5 56. Bxh5 Bg5 57. Be1 Nxc4 58. Bc3 Bf4 59. Kd3 Ne3 60. Bd2 Ng2 61.
Ba5 Bc1 62. Bg4 Nf4+ 63. Kc4 Ba3 64. Bc7 Ne2 65. Kd3 Nd4 66. Ba5 Bb4 67. Bb6 Nb5 68. Kc4 Na3+ 69. Kb3 Nb1 70. Kc2 Nd2 71. Ba7 Nf1 72. Kd3 Nd2 73. Kc2 Nc4 74. Kd3 Na3 75. Bb6 c4+ 76. Ke2 c3 77. Kd3 c2 78. Be3 Kf6 79. Bc1 Nb5 80. Kxc2 Nd4+ 81. Kd3 Kg6 82. Be3 Nb3 83. f4 exf4 84. Bxf4 Bc5 85. Kc4 Na5+ 86. Kb5 Nb3 87. e5 dxe5 88. Bxe5 Ba3 89. Ka4 f6 90. Bc7 f5 91. Bh3 Nd4 92. Kxa3 Nb5+ 93. Ka4 Nxc7 94. d6 Ne6 95. Kb5 Kf6 96. Kc6 Nf8 97. Kc7 f4 98. Bg4 Ke5 99. d7 Nxd7 100. Kxd7 f3 101. Bxf3 1/2-1/2

[Event "Early-Titled-Tuesday-Blitz-April-02-2024"]
[Site "Chess.com"]
[Date "2024.04.02"]
[Round "10"]
[White "Yan_Dyomin2010"]
[Black "BardArtem"]
[Result "0-1"]
[WhiteElo "2699"]
[BlackElo "2855"]
[TimeControl "180+1"]
[EndTime "9:58:43 PDT"]
[Termination "BardArtem won by checkmate"]

1. e4 d5 2. exd5 Qxd5 3. Nc3 Qe5+ 4. Be2 Bg4 5. d4 Bxe2 6. Ngxe2 Qa5 7. b4 Qxb4 8. Qd3 Qd6 9. Nb5 Qd7 10. Bf4 Na6 11. O-O Nf6 12. Rfe1 e6 13. c4 Bb4 14. Reb1 O-O 15.
Nxc7 Nxc7 16. Rxb4 b6 17. a4 Na6 18. Rbb1 Nc5 19. Qc2 Nb7 20. h3 Rac8 21. Bd2 Rfd8 22. a5 Nd6 23. axb6 axb6 24. c5 bxc5 25. dxc5 Qc6 26.
Bb4 Nf5 27. Qc4 h6 28. Ra6 Qd5 29. Qxd5 Nxd5 30. Ba3 Ra8 31. Rxa8 Rxa8 32. Rb3 f6 33. g4 Nfe7 34. Kg2 Nc6 35. Bc1 Ra5 36. Be3 Kf7 37. Rb7+ Nce7 38. Bd4 e5 39. Bb2 Rxc5 40. Ba3 Rc7 41.
Rxc7 Nxc7 42. Bxe7 Kxe7 43. f4 Nd5 44. fxe5 fxe5 45.
Kf3 Ke6 46. h4 g6 47. Ng3 Nf6 48. g5 hxg5 49. hxg5 Nd5 50. Kg4 Ne3+ 51. Kf3 Nf5 52. Ne4 Nd4+ 53. Kg4 Ne2 54. Nc5+ Kd5 55. Nd7 Nf4 56.
Nf6+ Ke6 57. Ne4 Nd5 58. Nc5+ Kd6 59. Ne4+ Ke7 60. Nc5 Nb6 61. Nd3 Ke6 62. Nc5+ Kd5 63. Nd3 Nc4 64. Nf2 e4 65. Kf4 e3 66. Nd3 Kd4 67. Ne1 Nb2 68. Kf3 Nd1 69. Ng2 Kd3 70. Nf4+ Kd2 71. Ne2 Nb2 72. Nd4 Nc4 73. Kg2 Kd3 74. Nf3 Ke2 75. Nd4+ Kd3 76. Nf3 Nd2 77. Ne5+ Kc2 78. Ng4 e2 79. Ne3+ Kd3 80. Ng4 e1=Q 81. Nf2+ Ke2 82. Ne4 Qf1+ 83. Kh2 Nf3+ 84. Kg3 Qg1+ 85.
Kf4 Qh2+ 86. Kg4 Ne5# 0-1

[Event "Early-Titled-Tuesday-Blitz-April-02-2024"]
[Site "Chess.com"]
[Date "2024.04.02"]
[Round "10"]
[White "kleber2007"]
[Black "IMRosen"]
[Result "0-1"]
[WhiteElo "2460"]
[BlackElo "2656"]
[TimeControl "180+1"]
[EndTime "9:58:45 PDT"]
[Termination "IMRosen won on time"]

1. d4 d5 2. c4 e6 3. Nf3 Nf6 4. Nc3 Nbd7 5. Bf4 Bb4 6. e3 c5 7.
dxc5 Qa5 8. Qc2 Ne4 9. Rc1 Ndxc5 10. cxd5 exd5 11. Bd3 Bf5 12. O-O Bxc3 13. bxc3 Nxd3 14.
Qxd3 Ng3 15. Qd2 Nxf1 16. Kxf1 O-O 17. Nd4 Bg6 18. Nb3 Qb5+ 19. Kg1 Rac8 20. Be5 f6 21. Bd4 b6 22. Qb2 a5 23. Qa3 a4 24. Nd2 Qe2 25.
Nf3 Be4 26. Re1 Qc2 27. Rc1 Qe2 28. Re1 Qb5 29. Nd2 Rfe8 30. Nxe4 dxe4 31. g3 Rc6 32. Qc1 h5 33. h4 Kh7 34. Qb1 Qxb1 35. Rxb1 Rb8 36.
Rb5 Kg6 37. Kg2 Kh6 38. Kh3 g6 39. g4 hxg4+ 40. Kxg4 f5+ 41. Kg3 Kh7 42. a3 Rbc8 43.
Rd5 R8c7 44. Kf4 Kh6 45. Rd8 Rb7 46. Rh8+ Rh7 47. Ra8 Kh5 48. Kg3 g5 49. hxg5 Kxg5 50. Rxa4 f4+ 51. exf4+ Kf5 52. f3 Rg6+ 53. Kf2 Rh2+ 54.
Ke3 exf3 55. Kxf3 Rh3+ 56. Kf2 Rh2+ 57. Kf3 Rh3+ 58. Kf2 Rgh6 59. Ra8 Rh2+ 60. Kf1 Ke4 61. Bg1 Ra2 62. Re8+ Kf3 63. Re3+ Kxf4 64. Rd3 Kg4 65.
Be3 Rf6+ 66. Ke1 Re6 67. Kf1 Kf5 68. Rd2 Rxd2 69. Bxd2 Re4 70. Bc1 Ke6 71. Kf2 Kd5 72. Kf3 Re1 73. Be3 Rb1 74. Bd4 Kc4 75. Ke3 b5 76.
Ke4 Ra1 77. Ke5 Rxa3 78. Ke4 Ra8 79. Be5 Re8 80. Kf5 Kd5 81. Bf6 Rf8 82. Kg6 Ke6 83. Bd4 Rf3 84. Kg5 Kd5 85. Bf6 Ke4 86. Bh8 Kd5 87. Kg4 Rf7 88. Kg3 Kc4 89. Kg4 Rf1 90. Kg3 Rc1 91. Kf3 Rxc3+ 92. Ke2 Rd3 93. Bg7 Rd5 94. Bf8 b4 95. Ke3 b3 96. Ba3 Rd3+ 97.
Ke2 Kc3 98. Be7 Kc2 99. Bf6 Rd7 100. Bg7 Rxg7 0-1

[Event "Early-Titled-Tuesday-Blitz-April-02-2024"]
[Site "Chess.com"]
[Date "2024.04.02"]
[Round "10"]
[White "MITerryble"]
[Black "ActorXu"]
[Result "1/2-1/2"]
[WhiteElo "3002"]
[BlackElo "2863"]
[TimeControl "180+1"]
[EndTime "10:00:04 PDT"]
[Termination "Game drawn by 50-move rule"]

1. d4 Nf6 2. Bg5 d5 3. e3 c5 4. c3 e6 5. Nd2 h6 6. Bh4 Nc6 7.
Ngf3 Be7 8. Bd3 b6 9. O-O Bb7 10. Qe2 O-O 11. h3 Rc8 12. Bg3 Bd6 13. Ne5 Qc7 14.
f4 Ne7 15. Bh4 Ne4 16. Bxe7 Qxe7 17. Nxe4 dxe4 18. Ba6 Rfd8 19. Rae1 Bb8 20. Bxb7 Qxb7 21. Qh5 Qe7 22. g4 Rd5 23. Kh1 c4 24. Rg1 Bxe5 25.
fxe5 Qg5 26. Ref1 g6 27. Qxg5 hxg5 28. h4 gxh4 29. g5 Kg7 30. Rg4 Rh8 31. Rxe4 Rh5 32. Rg4 b5 33. Kh2 a5 34. Rc1 h3 35. b3 Rd7 36. bxc4 bxc4 37. Rb1 Rh8 38. Rb5 Rc7 39. a4 Rcc8 40. Rg1 Rh4 41. Rf1 Rc7 42. Rf4 Rh8 43.
Rf3 Rh5 44. Rg3 Rc8 45. Rb7 Rhh8 46. Rf3 Rhf8 47. Rf4 Rb8 48. Rfxf7+ Rxf7 49. Rxb8 Rf2+ 50. Kg1 h2+ 51. Kh1 Rc2 52. Rc8 Rxc3 53. e4 Re3 54.
Rc7+ Kf8 55. Rxc4 Rxe4 56. Kxh2 Ke7 57. Kh3 Kd7 58. Kg3 Re3+ 59. Kf4 Re1 60. Kf3 Ra1 61. Ke4 Re1+ 62. Kd3 Ra1 63. Kc3 Rg1 64. Rc5 Rxg5 65. Rxa5 Rg1 66. Ra6 g5 67. Kd3 g4 68. Ke3 g3 69.
Kf3 Ke7 70. Ra7+ Ke8 71. Ra6 Ke7 72. a5 g2 73. Ra7+ Ke8 74. Ra6 Ke7 75. Rd6 Ra1 76. Kxg2 Rxa5 77. Kf3 Ra3+ 78. Ke4 Ra1 79. Rb6 Re1+ 80.
Kd3 Kd7 81. Ra6 Ke7 82. Ra7+ Ke8 83. Rh7 Rc1 84. Kd2 Ra1 85. Kc3 Rc1+ 86. Kd3 Ra1 87.
Kc4 Rc1+ 88. Kb5 Kd8 89. Rg7 Ke8 90. Rb7 Kd8 91. Ra7 Ke8 92. Ra4 Kd7 93. Rc4 Ra1 94.
Kc5 Ra5+ 95. Kb4 Ra1 96. Kb5 Rb1+ 97. Kc5 Ra1 98. Rb4 Rc1+ 99. Kb5 Rd1 100. Ra4 Rb1+ 101. Kc4 Rc1+ 102. Kd3 Rb1 103. Kc2 Rh1 104. Ra6 Rh3 105. Kd2 Rb3 106. Rd6+ Ke7 107. Rc6 Kd7 108. Rc3 Rb1 109. Kd3 Rd1+ 110. Kc4 Ra1 111. Rb3 Rc1+ 112. Kb5 Rc2 113. Rb4 Rc1 114. Ra4 Rb1+ 115. Kc5 Rc1+ 116. Rc4 Rb1 117. Rc3 Ra1 118. Rb3 Rc1+ 119. Kb5 Rc2 120. Rh3 Rb2+ 121. Kc4 Rc2+ 122. Kd3 Ra2 123. Rh8 Ra1 124. Rh7+ Ke8 125. Rb7 Rc1 126. Ke4 Re1+ 1/2-1/2

[Event "Early-Titled-Tuesday-Blitz-April-02-2024"]
[Site "Chess.com"]
[Date "2024.04.02"]
[Round "11"]
[White "Kratos031"]
[Black "LuisFSiles"]
[Result "0-1"]
[WhiteElo "2446"]
[BlackElo "2358"]
[TimeControl "180+1"]
[EndTime "10:01:49 PDT"]
[Termination "LuisFSiles won by checkmate"]

1. d4 Nf6 2. c4 g6 3. Nc3 d5 4. Nf3 Bg7 5. Bf4 O-O 6. e3 c5 7. dxc5 Qa5 8. Qd2 dxc4 9. Bxc4 Qxc5 10. Qe2 Nc6 11. O-O Bg4 12. Bb3 e5 13. Bg5 e4 14.
Bxf6 exf3 15. gxf3 Bh3 16. Bxg7 Qg5+ 17. Kh1 Qg2# 0-1

[Event "Early-Titled-Tuesday-Blitz-April-02-2024"]
[Site "Chess.com"]
[Date "2024.04.02"]
[Round "11"]
[White "Brahianzevich"]
[Black "PapaieDudu"]
[Result "1-0"]
[WhiteElo "2543"]
[BlackElo "2389"]
[TimeControl "180+1"]
[EndTime "10:02:53 PDT"]
[Termination "Brahianzevich won by resignation"]

1. e4 c5 2. Nf3 d6 3. d4 cxd4 4. Nxd4 Nf6 5. Nc3 a6 6. Bg5 e6 7. f4 Nbd7 8. Qe2 Qc7 9. O-O-O Be7 10. g4 b5 11. Bg2 O-O 12. e5 b4 13. exf6 gxf6 14.
Nxe6 fxe6 15. Qxe6+ Rf7 16. Nd5 Qd8 17. Nxe7+ Kf8 18.
Bh6+ Ke8 19. Nc6+ 1-0

[Event "Early-Titled-Tuesday-Blitz-April-02-2024"]
[Site "Chess.com"]
[Date "2024.04.02"]
[Round "11"]
[White "diamonds13"]
[Black "Sasha_Solovev_777"]
[Result "0-1"]
[WhiteElo "2330"]
[BlackElo "2243"]
[TimeControl "180+1"]
[EndTime "10:03:04 PDT"]
[Termination "Sasha_Solovev_777 won by resignation"]

1. d4 Nf6 2. c4 g6 3. Nc3 Bg7 4.
e4 O-O 5. Be3 d6 6. h3 Nc6 7.
Qd2 e5 8. d5 Nd4 9. g4 c5 10. Be2 a6 11. f3 Rb8 12. h4 h5 13. g5 Nd7 14. Nh3 b5 15. cxb5 axb5 16. a4 Nb3 0-1

[Event "Early-Titled-Tuesday-Blitz-April-02-2024"]
[Site "Chess.com"]
[Date "2024.04.02"]
[Round "11"]
[White "Tol_Tol"]
[Black "enriquebutti"]
[Result "1-0"]
[WhiteElo "2279"]
[BlackElo "2181"]
[TimeControl "180+1"]
[EndTime "10:03:15 PDT"]
[Termination "Tol_Tol won by resignation"]

1. d4 d5 2. c4 e6 3. Nc3 Nf6 4. Bg5 Be7 5. e3 h6 6. Bf4 O-O 7. Nf3 Bb4 8. Qc2 c5 9. a3 Bxc3+ 10.
bxc3 Ne4 11. Bd3 f5 12. O-O b6 13. Ne5 Ba6 14. cxd5 Bxd3 15. Qxd3 exd5 16. f3 Nd6 17. dxc5 1-0

[Event "Early-Titled-Tuesday-Blitz-April-02-2024"]
[Site "Chess.com"]
[Date "2024.04.02"]
[Round "11"]
[White "FlemingA"]
[Black "Refrigerator1955"]
[Result "1-0"]
[WhiteElo "2456"]
[BlackElo "2005"]
[TimeControl "180+1"]
[EndTime "10:03:23 PDT"]
[Termination "FlemingA won by resignation"]

1. c4 c6 2. g3 d5 3. Bg2 Nf6 4. b3 dxc4 5. bxc4 Qd4 6. Nc3 Qxc4 7. Nf3 Nbd7 8. O-O g6 9. Bb2 Bg7 10. d3 Qa6 11. e4 O-O 12. d4 e6 13. a4 Rd8 14.
Qb3 Nb6 15. Rfe1 Nc4 16. Bf1 1-0

[Event "Early-Titled-Tuesday-Blitz-April-02-2024"]
[Site "Chess.com"]
[Date "2024.04.02"]
[Round "11"]
[White "Journey_to_GrandMaster_YT"]
[Black "Aureliano-Buendia"]
[Result "1-0"]
[WhiteElo "2580"]
[BlackElo "2475"]
[TimeControl "180+1"]
[EndTime "10:03:50 PDT"]
[Termination "Journey_to_GrandMaster_YT won by resignation"]

1. d4 Nf6 2. Nf3 d6 3. g3 Nbd7 4. Bg2 e5 5. c4 Be7 6. Nc3 O-O 7. O-O Re8 8. e4 h6 9. Re1 Bf8 10. Qc2 g6 11. b3 Bg7 12. Bb2 b6 13. Rad1 Bb7 14. dxe5 Nxe5 15. Nxe5 Rxe5 16. Nd5 Re8 17. Nxf6+ Bxf6 18. Bxf6 Qxf6 19. e5 Rxe5 20. Bxb7 Rae8 21.
Rxe5 Rxe5 22. Qc3 Qe7 23. Bd5 h5 24. h4 a5 25. Kg2 Qd7 26. Re1 c6 27. Rxe5 dxe5 28.
Bf3 Qd6 29. c5 bxc5 30. Qxa5 Qd4 31. Qa8+ Kg7 32. Qxc6 1-0

[Event "Early-Titled-Tuesday-Blitz-April-02-2024"]
[Site "Chess.com"]
[Date "2024.04.02"]
[Round "11"]
[White "m_ezat"]
[Black "yaguigor"]
[Result "1-0"]
[WhiteElo "2560"]
[BlackElo "2626"]
[TimeControl "180+1"]
[EndTime "10:03:56 PDT"]
[Termination "m_ezat won by resignation"]

1. d4 d5 2. c4 c6 3. Nc3 Nf6 4. cxd5 cxd5 5. Bf4 Nc6 6. e3 Bf5 7. Qb3 Na5 8. Qa4+ Bd7 9. Qc2 e6 10. Bd3 Rc8 11. Nf3 Bb4 12. O-O Nh5 13. Be5 f6 14. Bg3 f5 15. Be5 O-O 16. Rac1 Nf6 17. Qe2 Bxc3 18.
bxc3 Ne4 19. h3 Nxc3 20. Qb2 Ne4 21. Qb4 Rc2 22. Rxc2 1-0

[Event "Early-Titled-Tuesday-Blitz-April-02-2024"]
[Site "Chess.com"]
[Date "2024.04.02"]
[Round "11"]
[White "campochess"]
[Black "kai_nov"]
[Result "1-0"]
[WhiteElo "2183"]
[BlackElo "2292"]
[TimeControl "180+1"]
[EndTime "10:04:00 PDT"]
[Termination "campochess won by checkmate"]

1. e4 c5 2. b4 cxb4 3. d4 d5 4. exd5 Qxd5 5. c4 bxc3 6. Nxc3 Qa5 7. Bd2 Qd8 8. Nf3 Nf6 9. Bc4 Bg4 10. Qb3 e6 11. Qxb7 Nbd7 12. Ne5 Rb8 13. Qa6 Rb6 14. Qxa7 Nxe5 15. dxe5 Ne4 16. Nxe4 Qd4 17. Qa4+ Kd8 18. Qa8+ Kc7 19. Rc1 Rb8 20. Ba5+ Kd7 21. Qxb8 Qxe4+ 22. Kf1 Ba3 23. Bb5+ Ke7 24. Rc7# 1-0

[Event "Early-Titled-Tuesday-Blitz-April-02-2024"]
[Site "Chess.com"]
[Date "2024.04.02"]
[Round "11"]
[White "FairChess_on_YouTube"]
[Black "Rodalquilar"]
[Result "1-0"]
[WhiteElo "3052"]
[BlackElo "2738"]
[TimeControl "180+1"]
[EndTime "10:04:26 PDT"]
[Termination "FairChess_on_YouTube won by resignation"]

1. e4 d5 2. exd5 Qxd5 3. Nf3 Bg4 4. Nc3 Qd7 5. d4 Nf6 6. h3 Bxf3 7. Qxf3 Nc6 8. d5 Nb4 9. Bb5 c6 10. dxc6 bxc6 11.
O-O e6 12. Bg5 Be7 13. Rad1 Nfd5 14. Bxe7 Kxe7 15. Nxd5+ Nxd5 16. c4 cxb5 17. cxd5 e5 18. d6+ Kf8 19. Qxa8+ 1-0

[Event "Early-Titled-Tuesday-Blitz-April-02-2024"]
[Site "Chess.com"]
[Date "2024.04.02"]
[Round "11"]
[White "Vasily_IM"]
[Black "WCM-Mexicana"]
[Result "1-0"]
[WhiteElo "2541"]
[BlackElo "2369"]
[TimeControl "180+1"]
[EndTime "10:04:27 PDT"]
[Termination "Vasily_IM won by resignation"]

1. d4 Nf6 2. c4 e6 3. Nc3 d5 4.
cxd5 exd5 5. Bg5 Nbd7 6. e3 c6 7. Bd3 Bb4 8. Qc2 h6 9. Bh4 a6 10. Nf3 O-O 11. O-O Re8 12. a3 Bd6 13. b4 b6 14.
Rab1 Bb7 15. Rfc1 Rc8 16. Ne2 Nf8 17. Bf5 Ne6 18. Ne5 c5 19. bxc5 Nxc5 20. Bxc8 Qxc8 21.
Bxf6 gxf6 22. dxc5 Bxe5 23. c6 Ba8 24. Rxb6 Bc7 25.
Rb4 1-0

[Event "Early-Titled-Tuesday-Blitz-April-02-2024"]
[Site "Chess.com"]
[Date "2024.04.02"]
[Round "11"]
[White "eljanov"]
[Black "Oleksandr_Bortnyk"]
[Result "0-1"]
[WhiteElo "2896"]
[BlackElo "3039"]
[TimeControl "180+1"]
[EndTime "10:04:32 PDT"]
[Termination "Oleksandr_Bortnyk won by resignation"]

1. d4 Nf6 2. c4 b6 3. f3 Nc6 4.
d5 Ne5 5. e4 e6 6. Nc3 Bb4 7.
Nh3 Qe7 8. Nf2 Ba6 9. Qb3 O-O 10. Bd2 c6 11. a3 Bc5 12. Qa4 Bxc4 13. Bxc4 Bxf2+ 14. Kxf2 Qc5+ 15. Be3 Nfg4+ 16. fxg4 Nxg4+ 17. Ke2 Qxe3+ 18. Kd1 b5 0-1

[Event "Early-Titled-Tuesday-Blitz-April-02-2024"]
[Site "Chess.com"]
[Date "2024.04.02"]
[Round "11"]
[White "dodorox"]
[Black "tk22h"]
[Result "1/2-1/2"]
[WhiteElo "2194"]
[BlackElo "2388"]
[TimeControl "180+1"]
[EndTime "10:04:40 PDT"]
[Termination "Game drawn by repetition"]

1. d4 Nf6 2. c4 c5 3. d5 e5 4. Nc3 d6 5. g3 Be7 6. Bg2 O-O 7.
e4 Na6 8. h3 Bd7 9. Nge2 Ne8 10. O-O Nec7 11. a4 Nb4 12. f4 Bf6 13. f5 Bg5 14. g4 a5 15. Kh2 h6 16. Ng3 g6 17.
Rf2 Ne8 18. Bxg5 Qxg5 19. Qd2 Qxd2 20. Rxd2 g5 21. Bf3 Nf6 22. Kg2 Kg7 23. Rh1 Rh8 24. h4 b6 25. h5 Rhb8 26. Ra1 Rc8 27. Rc1 Rcb8 28. Ra1 Rc8 29. Rc1 Rcb8 30. Ra1 1/2-1/2

[Event "Early-Titled-Tuesday-Blitz-April-02-2024"]
[Site "Chess.com"]
[Date "2024.04.02"]
[Round "11"]
[White "Gabcur"]
[Black "AccioChess"]
[Result "0-1"]
[WhiteElo "2338"]
[BlackElo "2449"]
[TimeControl "180+1"]
[EndTime "10:04:46 PDT"]
[Termination "AccioChess won by checkmate"]

1. d4 Nf6 2. c4 g6 3. Nc3 d5 4. Nf3 Bg7 5. e3 O-O 6. Be2 c5 7. O-O cxd4 8. exd4 Nc6 9. c5 Ne4 10.
Be3 f5 11. Qa4 h6 12. Nxd5 Kh7 13. Nb6 axb6 14. Qxa8 f4 15. Bd3 fxe3 16. Bxe4 exf2+ 17. Kh1 Nxd4 18. cxb6 Qxb6 19. Qa4 Nxf3 20. Bxf3 Rxf3 21. gxf3 Bh3 22. Rfd1 Qxb2 23. Rab1 f1=Q+ 24. Rxf1 Qg2# 0-1

[Event "Early-Titled-Tuesday-Blitz-April-02-2024"]
[Site "Chess.com"]
[Date "2024.04.02"]
[Round "11"]
[White "abelmat"]
[Black "kritipatel"]
[Result "1-0"]
[WhiteElo "2130"]
[BlackElo "2206"]
[TimeControl "180+1"]
[EndTime "10:04:46 PDT"]
[Termination "abelmat won by resignation"]

1. d4 d5 2. c4 e6 3. Nf3 Nf6 4. Nc3 Be7 5. Bf4 O-O 6. e3 c6 7. c5 b6 8. b4 Bb7 9. Bd3 Nbd7 10. O-O a5 11. a3 axb4 12. axb4 Rxa1 13. Qxa1 Qa8 14.
Qb2 bxc5 15. bxc5 Nh5 16. Be5 Nxe5 17. Nxe5 Rd8 18. Rb1 Bc8 19. Ra1 Qb7 20. Qxb7 Bxb7 21. Ra7 Rb8 22. Nd7 Ra8 23. Rxb7 g6 24. Rb8+ Rxb8 25.
Nxb8 1-0

[Event "Early-Titled-Tuesday-Blitz-April-02-2024"]
[Site "Chess.com"]
[Date "2024.04.02"]
[Round "11"]
[White "GMAneta"]
[Black "JCVanDamme10"]
[Result "1-0"]
[WhiteElo "2500"]
[BlackElo "2353"]
[TimeControl "180+1"]
[EndTime "10:04:51 PDT"]
[Termination "GMAneta won by resignation"]

1. d4 d5 2. c4 c6 3. Nf3 Nf6 4. Nc3 e6 5. cxd5 exd5 6. Bg5 Be7 7. Qc2 O-O 8. e3 Nbd7 9. Bd3 Re8 10. O-O Nf8 11.
Rab1 a5 12. a3 Ne6 13. Bxf6 Bxf6 14. Bxh7+ Kh8 15. Bd3 g6 16. b4 axb4 17. axb4 Ng7 18. b5 Bf5 19. Bxf5 Nxf5 20. bxc6 bxc6 21. Na4 Qd6 22. Rfc1 Rac8 23. Nb6 Rc7 24. Qc5 Qxc5 25. Rxc5 Nd6 26. Nxd5 cxd5 27. Rxc7 Kg7 28. h3 g5 29. Rd7 Ne4 30. Rbb7 Rf8 31. Rxd5 Nc3 32. Rdd7 Kg6 33. g3 Ne4 34. Kg2 Nc3 35. Nh2 Ne4 36. Ng4 Bg7 37. Ne5+ Bxe5 38. dxe5 Nc5 39. Rb6+ Kg7 40. Re7 Rd8 41.
Rc6 Ne6 42. Rcxe6 1-0

[Event "Early-Titled-Tuesday-Blitz-April-02-2024"]
[Site "Chess.com"]
[Date "2024.04.02"]
[Round "11"]
[White "Quattroporte300"]
[Black "VeraVujovic"]
[Result "1-0"]
[WhiteElo "2495"]
[BlackElo "2251"]
[TimeControl "180+1"]
[EndTime "10:04:53 PDT"]
[Termination "Quattroporte300 won by resignation"]

1. e4 e5 2. Nf3 Nc6 3. Bc4 Bc5 4. c3 Nf6 5. d3 d6 6. Nbd2 a6 7. Bb3 Ba7 8. Nf1 Ne7 9. Ng3 Ng6 10. Be3 O-O 11. O-O Ng4 12. Bxa7 Rxa7 13. h3 Nf6 14. d4 Qe7 15. Re1 Nf4 16. Kh2 N6h5 17.
Nxh5 Nxh5 18. Nxe5 Nf6 19. Nd3 Nd7 20. f4 b5 21. e5 c5 22. dxc5 dxc5 23. Bd5 Nb6 24. Be4 Bb7 25. Qf3 c4 26. Nf2 Rd8 27. Rad1 Nd7 28. Bxb7 1-0